[Event "42nd Olympiad Baku 2016 Women"]
[Site "Baku"]
[Date "2016.09.05"]
[Round "4.10"]
[White "Stetsko, Lanita"]
[Black "Alattar, Ghayda M"]
[Result "1-0"]
[ECO "C63"]
[WhiteElo "2170"]
[BlackElo "1964"]
[Annotator ""]
[PlyCount "57"]
[EventDate "2016.??.??"]
[EventCountry "AZE"]
[SourceTitle "playchess.com"]
[Source "ChessBase"]
[WhiteTeam "Belarus"]
[BlackTeam "Jordan"]
[WhiteTeamCountry "BLR"]
[BlackTeamCountry "JOR"]
[TimeControl "40/5400+30:1800+30"]

1. e4 {(00:00)} e5 {(00:00)} 2. Nf3 {(00:00)} Nc6 {
(00:00)} 3. Bb5 {(00:00)} f5 {(00:00)} 4. d3 {(00:
13)} fxe4 {(00:00)} 5. dxe4 {(00:04)} Nf6 {(00:04)} 6. O-O
{(00:28)} d6 {(00:04)} 7. Nc3 {(01:05)} Be7 {(00:
08)} 8. Bc4 {(01:22)} Bg4 {(04:16)} 9. h3 {(10:47)} Bxf3 {
(03:45)} 10. Qxf3 {(00:38)} Nd4 {(00:20)} 11. Qd3 {
(01:31)} c6 {(06:41)} 12. a3 {(10:47)} Qd7 {(10:49]
} 13. Be3 {(04:10)} Ne6 {(06:31)} 14. Nd5 {(16:22)} b5 {
(37:54)} 15. Nxf6+ {(01:43)} gxf6 {(03:14)} 16. Ba2 {
(09:55)} Bd8 {(08:12)} 17. a4 {(06:38)} Rb8 {(02:
24)} 18. axb5 {(02:11)} Rxb5 {(02:26)} 19. Bc4 {(02:09)}
Rb7 {(00:10)} 20. Rfd1 {(02:30)} Bc7 {(04:44)} 21. Ra6 {
(04:23)} Rg8 {(01:10)} 22. Kf1 {(02:59)} Rg7 {(03:
08)} 23. Bxe6 {(01:57)} Qxe6 {(00:02)} 24. Qc3 {(00:38)}
Rxb2 {(03:23)} 25. Rxa7 {(00:22)} Rb8 {(01:19)} 26. Qxc6+
{(00:14)} Kd8 {(00:22)} 27. Rxc7 {(01:07)} Rxc7 {(
00:48)} 28. Rxd6+ {(00:07)} Kc8 {(00:15)} 29. Qa6+ {(00:
13)} 1-0

[Event "42nd Olympiad Baku 2016 Women"]
[Site "Baku"]
[Date "2016.09.05"]
[Round "4.13"]
[White "Stojkovska, Monika"]
[Black "Golubenko, Valentina"]
[Result "1-0"]
[ECO "C05"]
[WhiteElo "2033"]
[BlackElo "2245"]
[Annotator ""]
[PlyCount "71"]
[EventDate "2016.??.??"]
[EventCountry "AZE"]
[SourceTitle "playchess.com"]
[Source "ChessBase"]
[WhiteTeam "Macedonia"]
[BlackTeam "Croatia"]
[WhiteTeamCountry "MKD"]
[BlackTeamCountry "CRO"]
[TimeControl "40/5400+30:1800+30"]

1. e4 {(00:00)} e6 {(00:00)} 2. d4 {(00:00)} d5 {(
00:00)} 3. Nd2 {(00:00)} Nf6 {(00:00)} 4. e5 {(00:02)}
Nfd7 {(00:05)} 5. Bd3 {(00:11)} c5 {(00:48)} 6. c3 {
(00:10)} Nc6 {(00:38)} 7. Ngf3 {(00:26)} g6 {(02:
55)} 8. h4 {(01:11)} cxd4 {(10:39)} 9. cxd4 {(04:22)} Qb6
{(02:18)} 10. Nb3 {(12:44)} a5 {(04:34)} 11. a4 {(
03:46)} Bb4+ {(00:42)} 12. Kf1 {(00:56)} Be7 {(02:21)} 13.
h5 {(13:32)} g5 {(04:08)} 14. Bxg5 {(09:59)} Bxg5 {
(01:03)} 15. Nxg5 {(00:05)} Nxd4 {(02:13)} 16. Nxd4 {
(00:21)} Qxd4 {(00:05)} 17. Qf3 {(02:33)} Nxe5 {(
05:49)} 18. Bb5+ {(11:46)} Bd7 {(06:05)} 19. Qf6 {(03:39)}
Bxb5+ {(07:39)} 20. axb5 {(00:06)} Rf8 {(09:07)} 21. Nxh7
{(03:52)} Rg8 {(09:04)} 22. Rh3 {(10:36)} Rc8 {(08:
23)} 23. Re1 {(11:08)} Rc2 {(03:14)} 24. Rhe3 {(01:20)}
Qg4 {(03:15)} 25. Rg3 {(05:25)} Qc4+ {(00:51)} 26. Kg1 {
(00:06)} Rxg3 {(02:43)} 27. Qxe5 {(03:52)} Rb3 {(
03:38)} 28. Qd6 {(00:45)} Rxf2 {(06:49)} 29. Qb8+ {(00:19]
} Ke7 {(00:24)} 30. Qxb7+ {(00:19)} Ke8 {(00:14)} 31. Qb8+
{(00:23)} Ke7 {(00:10)} 32. Qa7+ {(00:18)} Ke8 {(
00:26)} 33. Qxf2 {(00:16)} Qxb5 {(01:39)} 34. Ng5 {(01:05]
} Qd7 {(01:19)} 35. h6 {(00:21)} Kf8 {(01:15)} 36. Nxe6+ {
(00:22)} 1-0

[Event "42nd Olympiad Baku 2016 Women"]
[Site "Baku"]
[Date "2016.09.05"]
[Round "4.21"]
[White "Sukhu, Gloria"]
[Black "Almeraj, Etedal"]
[Result "1-0"]
[ECO "D04"]
[WhiteElo "1476"]
[BlackElo "1072"]
[Annotator ""]
[PlyCount "41"]
[EventDate "2016.??.??"]
[EventCountry "AZE"]
[SourceTitle "playchess.com"]
[Source "ChessBase"]
[WhiteTeam "Fiji"]
[BlackTeam "Kuwait"]
[WhiteTeamCountry "FIJ"]
[BlackTeamCountry "KUW"]
[TimeControl "40/5400+30:1800+30"]

1. d4 {(00:00)} d5 {(00:00)} 2. Nf3 {(00:00)} Nf6 {
(00:04)} 3. e3 {(00:06)} Nc6 {(00:33)} 4. c4 {(00:
17)} e6 {(01:23)} 5. cxd5 {(00:43)} exd5 {(00:19)} 6. Nbd2
{(00:09)} Bb4 {(01:58)} 7. Bd3 {(00:07)} O-O {(01:
48)} 8. O-O {(00:09)} Be6 {(02:42)} 9. Qc2 {(01:23)} Re8 {
(05:30)} 10. a3 {(00:08)} Bd6 {(01:15)} 11. Kh1 {(
01:04)} g6 {(05:19)} 12. b4 {(00:12)} a5 {(06:00)} 13. b5
{(01:32)} Ne7 {(00:00)} 14. Ng5 {(00:20)} Bf5 {(01:
31)} 15. e4 {(02:35)} c6 {(05:10)} 16. e5 {(04:08)} Bb8 {
(00:13)} 17. exf6 {(00:04)} Nc8 {(03:47)} 18. Bxf5 {
(00:08)} gxf5 {(00:15)} 19. Qxf5 {(00:01)} Ne7 {(
00:20)} 20. Qxh7+ Kf8 {(00:01)} 21. Qxf7# {(01:16)} 1-0

[Event "42nd Olympiad Baku 2016 Women"]
[Site "Baku"]
[Date "2016.09.05"]
[Round "4.11"]
[White "Tania, Sachdev"]
[Black "Klinova, Masha"]
[Result "1-0"]
[ECO "A41"]
[WhiteElo "2402"]
[BlackElo "2290"]
[Annotator ""]
[PlyCount "67"]
[EventDate "2016.??.??"]
[EventCountry "AZE"]
[SourceTitle "playchess.com"]
[Source "ChessBase"]
[WhiteTeam "India"]
[BlackTeam "Israel"]
[WhiteTeamCountry "IND"]
[BlackTeamCountry "ISR"]
[TimeControl "40/5400+30:1800+30"]

1. d4 {(00:00)} d6 {(00:00)} 2. c4 {(00:03)} e5 {(
00:00)} 3. Nc3 {(00:09)} exd4 {(01:54)} 4. Qxd4 {(00:04)}
Nc6 {(00:04)} 5. Qd2 {(00:04)} Nf6 {(03:26)} 6. b3 {
(00:17)} a5 {(00:25)} 7. Bb2 {(00:10)} a4 {(07:30)}
8. Rd1 {(00:10)} axb3 {(03:21)} 9. axb3 {(00:06)} Be6 {
(00:02)} 10. e3 {(02:23)} Nb4 {(07:51)} 11. Nge2 {(
24:12)} Be7 {(14:53)} 12. Nd4 {(06:44)} O-O {(04:11)} 13.
Be2 {(03:41)} d5 {(12:15)} 14. Nxe6 {(06:51)} fxe6 {
(00:08)} 15. O-O {(00:07)} c6 {(04:18)} 16. e4 {(
04:29)} Qb6 {(09:41)} 17. e5 {(05:52)} Ne8 {(05:01)} 18.
Bg4 {(06:31)} Nc7 {(01:27)} 19. Na4 {(00:07)} Qa7 {
(03:56)} 20. Bc3 {(14:01)} b5 {(05:34)} 21. cxb5 {(
01:35)} cxb5 {(00:19)} 22. Bd4 {(00:47)} Qb7 {(09:32)} 23.
Nc5 {(01:36)} Bxc5 {(00:49)} 24. Bxc5 {(00:06)} Nba6 {
(00:02)} 25. Bxf8 {(00:08)} Rxf8 {(00:04)} 26. b4 {
(02:09)} Qb6 {(01:20)} 27. Qd4 {(00:46)} Qxd4 {(00:
32)} 28. Rxd4 {(00:02)} Re8 {(00:47)} 29. f4 {(01:44)} g6
{(00:06)} 30. Rc1 {(01:15)} Re7 {(00:22)} 31. Rc6 {
(00:43)} Kf7 {(00:05)} 32. Rb6 {(02:24)} Ke8 {(00:
22)} 33. Be2 {(00:20)} Kd7 {(00:10)} 34. Rxa6 {(00:46)}
1-0

[Event "42nd Olympiad Baku 2016 Women"]
[Site "Baku"]
[Date "2016.09.05"]
[Round "4.23"]
[White "Terubea, Cydel"]
[Black "Baqer, Fatemah Alzahraa"]
[Result "1-0"]
[ECO "C42"]
[WhiteElo "1363"]
[BlackElo "1204"]
[Annotator ""]
[PlyCount "115"]
[EventDate "2016.??.??"]
[EventCountry "AZE"]
[SourceTitle "playchess.com"]
[Source "ChessBase"]
[WhiteTeam "Fiji"]
[BlackTeam "Kuwait"]
[WhiteTeamCountry "FIJ"]
[BlackTeamCountry "KUW"]
[TimeControl "40/5400+30:1800+30"]

1. e4 {(00:00)} e5 {(00:00)} 2. Nf3 {(00:00)} Nf6 {
(00:00)} 3. Nxe5 {(00:00)} d6 {(00:00)} 4. Nf3 {(
00:06)} Nxe4 {(00:02)} 5. Qe2 {(00:21)} Qe7 {(00:20)} 6.
d3 {(00:19)} Nf6 {(00:15)} 7. Qxe7+ {(00:10)} Bxe7 {
(00:17)} 8. Bf4 {(00:38)} Bf5 {(01:22)} 9. Nc3 {(
01:04)} Nc6 {(00:16)} 10. Nh4 {(01:34)} g6 {(04:37)} 11.
Nxf5 {(00:53)} gxf5 {(00:42)} 12. Bg5 {(01:03)} h6 {
(00:32)} 13. Bh4 {(00:42)} O-O-O {(00:43)} 14. O-O-O {
(00:12)} Rhe8 {(00:29)} 15. f3 {(00:47)} d5 {(03:
42)} 16. d4 {(00:42)} a6 {(01:07)} 17. Bd3 {(01:11)} Nxd4
{(01:49)} 18. Bf2 {(00:39)} c5 {(02:43)} 19. Bxd4 {
(00:27)} cxd4 {(01:50)} 20. Bxf5+ {(00:09)} Kb8 {(
00:33)} 21. Rxd4 {(01:16)} Bc5 {(02:28)} 22. Rd3 {(01:33)}
d4 {(01:22)} 23. Ne4 {(01:07)} Nxe4 {(01:39)} 24. Bxe4 {
(00:08)} b6 {(02:51)} 25. Rhd1 {(00:40)} Re7 {(02:
13)} 26. c3 {(04:35)} Red7 {(03:46)} 27. Kc2 {(03:07)} b5
{(05:17)} 28. b3 {(03:07)} a5 {(00:31)} 29. Bc6 {(
05:55)} Bb6 {(10:39)} 30. Bxd7 {(00:22)} Rxd7 {(00:21)}
31. cxd4 {(00:53)} Rc7+ {(01:03)} 32. Rc3 {(02:06)} Re7 {
(03:36)} 33. Kd3 {(00:35)} b4 {(01:25)} 34. Rc6 {(
01:02)} Kb7 {(00:46)} 35. d5 {(02:04)} Rd7 {(00:56)} 36.
Kc4 {(00:30)} Ka6 {(01:55)} 37. Rxh6 {(00:52)} Rc7+ {
(01:09)} 38. Rc6 {(00:12)} Ra7 {(00:28)} 39. Re1 {(
01:23)} f6 {(04:29)} 40. Rxf6 {(00:00)} Rc7+ {(00:00)} 41.
Rc6 {(00:35)} Kb7 {(02:59)} 42. Rxc7+ {(00:23)} Kxc7 {
(01:04)} 43. Re7+ {(00:31)} Kd6 {(00:41)} 44. Re6+ {
(00:08)} Kc7 {(00:40)} 45. Rxb6 {(01:14)} Kxb6 {(
00:19)} 46. g4 {(00:02)} Kc7 {(03:39)} 47. Kc5 {(00:10)}
a4 {(00:54)} 48. bxa4 {(00:25)} b3 {(00:17)} 49. axb3 {
(00:10)} Kd8 {(00:09)} 50. Kc6 {(00:17)} Kc8 {(00:
34)} 51. g5 {(00:09)} Kb8 {(02:06)} 52. g6 {(00:15)} Ka7 {
(00:10)} 53. d6 {(00:53)} Ka6 {(00:41)} 54. b4 {(
00:42)} Ka7 {(00:40)} 55. d7 {(00:25)} Ka6 {(00:38)} 56.
d8=Q {(00:21)} Ka7 {(00:30)} 57. Qb6+ {(00:08)} Ka8 {
(00:19)} 58. Qb7# {(00:02)} 1-0

[Event "42nd Olympiad Baku 2016 Women"]
[Site "Baku"]
[Date "2016.09.05"]
[Round "4.15"]
[White "Thapa, Shanta"]
[Black "Francis, Thapelo"]
[Result "0-1"]
[ECO "C50"]
[WhiteElo "1693"]
[BlackElo "1700"]
[Annotator ""]
[PlyCount "88"]
[EventDate "2016.??.??"]
[EventCountry "AZE"]
[SourceTitle "playchess.com"]
[Source "ChessBase"]
[WhiteTeam "Nepal"]
[BlackTeam "Botswana"]
[WhiteTeamCountry "NEP"]
[BlackTeamCountry "BOT"]
[TimeControl "40/5400+30:1800+30"]

1. e4 {(00:00)} e5 {(00:00)} 2. Nf3 {(00:00)} Nc6 {
(00:00)} 3. Bc4 {(00:10)} Bc5 {(00:00)} 4. Nc3 {(
00:58)} Nf6 {(00:21)} 5. d3 {(01:13)} d6 {(00:29)} 6. h3 {
(00:41)} h6 {(00:08)} 7. O-O {(00:11)} O-O {(00:20]
} 8. Be3 {(00:51)} Bb6 {(00:23)} 9. Qd2 {(06:31)} Kh7 {
(05:12)} 10. Ne2 {(03:11)} Ng8 {(02:27)} 11. Ng3 {(
03:52)} f5 {(00:36)} 12. Nxf5 {(09:39)} Bxf5 {(00:25)} 13.
exf5 {(00:12)} Rxf5 {(00:58)} 14. Bd5 {(00:55)} Rf8 {
(01:26)} 15. Be4+ {(02:34)} Kh8 {(01:15)} 16. g3 {(
02:31)} d5 {(01:29)} 17. Bg6 {(01:27)} Rxf3 {(01:08)} 18.
Qe2 {(04:34)} Rf6 {(01:55)} 19. Bh5 {(03:35)} Qd6 {
(03:57)} 20. Kg2 {(03:16)} Raf8 {(01:17)} 21. Qg4 {
(06:23)} g6 {(01:06)} 22. Bxg6 {(04:17)} Rxg6 {(00:
16)} 23. Qh4 {(02:50)} Qf6 {(00:51)} 24. Qxf6+ {(02:21)}
Rgxf6 {(00:07)} 25. Bxb6 {(01:10)} axb6 {(00:15)} 26. c3 {
(00:41)} Nge7 {(00:19)} 27. Rae1 {(01:10)} Rf3 {(
00:35)} 28. Rd1 {(01:31)} Ng6 {(03:07)} 29. Rd2 {(01:33)}
Nce7 {(01:16)} 30. Re1 {(01:24)} b5 {(02:20)} 31. a3 {
(01:24)} R3f6 {(00:21)} 32. Ree2 {(01:19)} Rg8 {(
01:15)} 33. Kh2 {(00:49)} h5 {(01:28)} 34. h4 {(01:40)}
Nc8 {(02:42)} 35. Re3 {(05:18)} Nd6 {(00:56)} 36. Rde2 {
(04:31)} e4 {(00:32)} 37. dxe4 {(03:38)} Nxe4 {(00:
22)} 38. Rd3 {(02:42)} c6 {(01:03)} 39. Rd4 {(03:43)}
Rxf2+ {(00:25)} 40. Rxf2 {(00:00)} Nxf2 {(00:00)} 41. Kg1
{(02:08)} Ne4 {(00:21)} 42. Rd1 {(00:37)} Nxh4 {(
00:18)} 43. Rd3 {(00:21)} Rxg3+ {(00:12)} 44. Rxg3 {(00:
21)} Nxg3 {(00:05)} 0-1

[Event "42nd Olympiad Baku 2016 Women"]
[Site "Baku"]
[Date "2016.09.05"]
[Round "4.17"]
[White "Tharushi, T H D Niklesha"]
[Black "Monroy G, Nataly A"]
[Result "1-0"]
[ECO "A62"]
[WhiteElo "1584"]
[BlackElo "2105"]
[Annotator ""]
[PlyCount "71"]
[EventDate "2016.??.??"]
[EventCountry "AZE"]
[SourceTitle "playchess.com"]
[Source "ChessBase"]
[WhiteTeam "Sri Lanka"]
[BlackTeam "Bolivia"]
[WhiteTeamCountry "SRI"]
[BlackTeamCountry "BOL"]
[TimeControl "40/5400+30:1800+30"]

1. d4 {(00:00)} Nf6 {(00:00)} 2. c4 {(00:00)} c5 {(
00:53)} 3. d5 {(00:00)} e6 {(01:04)} 4. Nc3 {(00:21)} exd5
{(00:36)} 5. cxd5 {(00:31)} d6 {(00:39)} 6. Nf3 {(
00:11)} g6 {(00:51)} 7. g3 {(00:30)} Bg7 {(00:16)} 8. Bg2
{(01:22)} O-O {(05:45)} 9. O-O {(00:15)} Na6 {(03:
33)} 10. Nd2 {(04:02)} Rb8 {(05:11)} 11. a4 {(00:54)} Re8
{(14:17)} 12. h3 {(03:00)} Nc7 {(02:03)} 13. Nc4 {(
00:41)} b6 {(01:11)} 14. Nb5 {(05:48)} Nxb5 {(04:03)} 15.
axb5 {(00:10)} Rb7 {(04:27)} 16. Re1 {(04:51)} Bf8 {
(03:58)} 17. e4 {(08:48)} Bd7 {(12:09)} 18. Na3 {(
01:27)} Qc8 {(04:29)} 19. Kh2 {(01:29)} Re5 {(05:00)} 20.
g4 {(03:31)} Ne8 {(07:33)} 21. Bf4 {(17:24)} Re7 {(
02:47)} 22. e5 {(06:30)} Rb8 {(06:17)} 23. Qb3 {(05:07)}
dxe5 {(04:57)} 24. Bxe5 {(00:13)} Rxe5 {(08:02)} 25. Rxe5
{(00:03)} Bd6 {(00:04)} 26. f4 {(00:15)} Bxe5 {(00:
02)} 27. fxe5 {(00:08)} Nc7 {(01:43)} 28. Rf1 {(01:40)}
Qe8 {(00:23)} 29. Qg3 {(03:41)} Nxb5 {(01:01)} 30. e6 {
(00:36)} fxe6 {(00:43)} 31. dxe6 {(00:08)} Nxa3 {(
00:54)} 32. exd7 {(00:15)} Qd8 {(00:05)} 33. Bd5+ {(00:09]
} Kg7 {(00:15)} 34. Rf7+ {(00:35)} Kh6 {(00:34)} 35. Qf4+
{(01:04)} Qg5 {(00:07)} 36. Rxh7+ {(00:28)} 1-0

[Event "42nd Olympiad Baku 2016 Women"]
[Site "Baku"]
[Date "2016.09.05"]
[Round "4.10"]
[White "Thorsteinsdottir, Gudlaug"]
[Black "Petrenko, Svetlana"]
[Result "0-1"]
[ECO "A40"]
[WhiteElo "2046"]
[BlackElo "2176"]
[Annotator ""]
[PlyCount "118"]
[EventDate "2016.??.??"]
[EventCountry "AZE"]
[SourceTitle "playchess.com"]
[Source "ChessBase"]
[WhiteTeam "Iceland"]
[BlackTeam "Moldova"]
[WhiteTeamCountry "ISL"]
[BlackTeamCountry "MDA"]
[TimeControl "40/5400+30:1800+30"]

1. d4 {(00:00)} g6 {(00:12)} 2. c4 {(01:01)} Bg7 {(
02:21)} 3. Nc3 {(01:42)} c5 {(05:15)} 4. d5 {(02:30)} d6 {
(00:07)} 5. e4 {(01:03)} Nf6 {(01:10)} 6. Bd3 {(04:
59)} O-O {(01:11)} 7. Nge2 {(01:37)} e5 {(04:58)} 8. O-O {
(01:58)} Nh5 {(05:19)} 9. Be3 {(09:22)} a6 {(10:26]
} 10. Qd2 {(03:47)} f5 {(05:43)} 11. f4 {(03:49)} Nd7 {
(07:55)} 12. Rab1 {(08:41)} exf4 {(09:57)} 13. Nxf4 {
(00:34)} Nxf4 {(00:05)} 14. Bxf4 {(01:32)} Ne5 {(
00:09)} 15. Bg5 {(01:16)} Qc7 {(05:34)} 16. exf5 {(05:55)}
gxf5 {(00:07)} 17. Be2 {(00:58)} Bd7 {(05:36)} 18. Bh6 {
(03:09)} Be8 {(04:27)} 19. Qg5 {(07:07)} Bg6 {(00:
53)} 20. Bxg7 {(00:07)} Qxg7 {(00:12)} 21. Rf4 {(01:05)}
Rae8 {(02:51)} 22. Rbf1 {(02:21)} Nf7 {(05:26)} 23. Qg3 {
(01:32)} Re5 {(00:15)} 24. Bd3 {(15:16)} Nh6 {(00:
13)} 25. h3 {(02:33)} Rfe8 {(01:05)} 26. Qf2 {(00:59)} Re3
{(01:38)} 27. Bc2 {(03:18)} b5 {(01:14)} 28. cxb5 {
(00:16)} axb5 {(00:01)} 29. Rf3 {(00:48)} Rxf3 {(
02:44)} 30. Qxf3 {(02:05)} Qd4+ {(03:35)} 31. Qf2 {(00:51]
} Qxf2+ {(01:25)} 32. Kxf2 {(00:43)} b4 {(01:33)} 33. Nb5
{(02:27)} Nf7 {(00:19)} 34. Re1 {(01:18)} Rb8 {(00:
59)} 35. Nc7 {(01:21)} Ne5 {(00:59)} 36. b3 {(01:08)} Kf7
{(04:19)} 37. Ne6 {(00:21)} Ra8 {(01:27)} 38. Bb1 {
(00:04)} Kf6 {(05:50)} 39. Nf4 {(04:10)} Bf7 {(00:
38)} 40. Rd1 {(00:00)} Ra7 {(00:00)} 41. Rd2 {(11:52)} h6
{(06:16)} 42. g3 {(03:24)} Ra3 {(03:00)} 43. Nd3 {(
09:41)} Nd7 {(01:34)} 44. Nf4 {(01:04)} Nb6 {(00:33)} 45.
Bd3 {(01:31)} Nxd5 {(03:36)} 46. Nxd5+ {(00:18)} Bxd5 {
(00:02)} 47. Bxf5 {(00:39)} Kxf5 {(03:30)} 48. Rxd5+ {
(00:08)} Ke4 {(00:03)} 49. Rd2 {(00:10)} d5 {(00:
17)} 50. Rc2 {(09:11)} d4 {(00:53)} 51. h4 {(01:13)} h5 {
(03:11)} 52. Re2+ {(01:22)} Kd3 {(01:23)} 53. Kf3 {
(00:40)} c4 {(03:45)} 54. bxc4 {(00:12)} Ra5 {(00:
34)} 55. Re4 {(00:43)} Rxa2 {(00:20)} 56. c5 {(00:53)} b3
{(01:07)} 57. Re7 {(00:57)} Ra8 {(02:56)} 58. Rb7 {
(00:40)} Rf8+ {(00:10)} 59. Kg2 {(00:03)} Kc2 {(00:
18)} 0-1

[Event "42nd Olympiad Baku 2016 Women"]
[Site "Baku"]
[Date "2016.09.05"]
[Round "4.24"]
[White "Toubal, Hayat"]
[Black "Park, Sunwoo"]
[Result "1-0"]
[ECO "D37"]
[WhiteElo "1921"]
[BlackElo "1626"]
[Annotator ""]
[PlyCount "69"]
[EventDate "2016.??.??"]
[EventCountry "AZE"]
[SourceTitle "playchess.com"]
[Source "ChessBase"]
[WhiteTeam "Algeria"]
[BlackTeam "Korea"]
[WhiteTeamCountry "ALG"]
[BlackTeamCountry "KOR"]
[TimeControl "40/5400+30:1800+30"]

1. d4 {(00:00)} d5 {(00:00)} 2. Nf3 {(00:00)} Nf6 {
(00:07)} 3. c4 {(00:00)} e6 {(01:14)} 4. Nc3 {(00:
43)} b6 {(08:53)} 5. Bg5 {(01:26)} Be7 {(01:14)} 6. e3 {
(05:09)} Bb7 {(01:15)} 7. Bd3 {(01:07)} Nbd7 {(02:
11)} 8. Rc1 {(02:00)} O-O {(10:21)} 9. O-O {(00:42)} Rc8 {
(02:43)} 10. cxd5 {(07:36)} exd5 {(04:20)} 11. Nb5 {
(09:40)} c5 {(18:06)} 12. dxc5 {(16:35)} Nxc5 {(13:
25)} 13. Bf5 {(02:35)} Nfd7 {(08:33)} 14. Bf4 {(02:38)} a6
{(03:49)} 15. Bc7 {(09:01)} Rxc7 {(06:16)} 16. Nxc7 {
(00:07)} Qxc7 {(00:46)} 17. b4 {(00:20)} Nf6 {(01:
52)} 18. Qe2 {(07:10)} g6 {(02:21)} 19. Bd3 {(01:04)} Qd6
{(04:36)} 20. bxc5 {(00:18)} bxc5 {(00:14)} 21. Rb1 {
(02:21)} Qc6 {(05:26)} 22. Ne5 {(03:45)} Qc7 {(00:
24)} 23. Qb2 {(00:30)} c4 {(01:23)} 24. Nxc4 {(07:44)} Ng4
{(01:23)} 25. g3 {(01:23)} Ba8 {(00:48)} 26. Nd2 {(
00:49)} Bc5 {(00:27)} 27. Rfe1 {(02:36)} Qc6 {(00:34)} 28.
Be2 {(05:08)} d4 {(00:33)} 29. Bf3 {(00:28)} Qe6 {(
00:35)} 30. exd4 {(00:16)} Qf5 {(00:27)} 31. Bxg4 {(01:03]
} Qxg4 {(00:06)} 32. dxc5 {(00:14)} Qh3 {(01:04)} 33. f3 {
(00:34)} Rd8 {(00:32)} 34. Qe5 {(00:34)} Qd7 {(00:
31)} 35. Ne4 {(00:30)} 1-0

[Event "42nd Olympiad Baku 2016 Women"]
[Site "Baku"]
[Date "2016.09.05"]
[Round "4.11"]
[White "Ubaldo Suarez, Maria Gisela"]
[Black "Aliaga Fernandez, Ingrid Y"]
[Result "0-1"]
[ECO "D24"]
[WhiteElo "2062"]
[BlackElo "2096"]
[Annotator ""]
[PlyCount "80"]
[EventDate "2016.??.??"]
[EventCountry "AZE"]
[SourceTitle "playchess.com"]
[Source "ChessBase"]
[WhiteTeam "Venezuela"]
[BlackTeam "Peru"]
[WhiteTeamCountry "VEN"]
[BlackTeamCountry "PER"]
[TimeControl "40/5400+30:1800+30"]

1. d4 {(00:00)} Nf6 {(01:08)} 2. Nf3 {(00:00)} d5 {
(00:54)} 3. c4 {(00:17)} dxc4 {(00:12)} 4. Nc3 {(
00:06)} a6 {(00:05)} 5. a4 {(00:20)} Nc6 {(00:29)} 6. e3 {
(03:57)} Na5 {(03:05)} 7. Ne5 {(01:25)} Be6 {(00:
15)} 8. Qf3 {(08:31)} c6 {(06:07)} 9. Bd2 {(06:10)} g6 {
(11:42)} 10. Be2 {(07:22)} Bg7 {(07:28)} 11. O-O {(
03:13)} O-O {(32:23)} 12. Rfd1 {(05:55)} Qb6 {(06:35)} 13.
Rab1 {(08:39)} Rfd8 {(03:36)} 14. Be1 {(00:26)} Qc7 {
(07:27)} 15. Qf4 {(08:35)} Rac8 {(02:02)} 16. Qg5 {
(11:04)} h6 {(04:54)} 17. Qh4 {(01:58)} c5 {(02:52]
} 18. d5 {(15:32)} Nxd5 {(04:30)} 19. Nxd5 {(02:35)} Bxd5
{(00:40)} 20. Bxa5 {(09:41)} Qxa5 {(00:08)} 21. Nxc4 {
(01:44)} Qc7 {(01:57)} 22. b3 {(01:38)} Be6 {(01:
00)} 23. a5 {(00:46)} Rxd1+ {(00:51)} 24. Rxd1 {(00:03)}
Rd8 {(00:24)} 25. Rc1 {(00:55)} Bd5 {(00:59)} 26. h3 {
(00:47)} h5 {(00:33)} 27. f4 {(00:44)} Bf6 {(00:21]
} 28. Qg3 {(00:11)} h4 {(00:26)} 29. Qe1 {(00:16)} Kg7 {
(00:54)} 30. Bf1 {(00:57)} Qc6 {(00:19)} 31. Rd1 {(
00:39)} Qc7 {(00:26)} 32. Qd2 {(00:33)} e6 {(00:08)} 33.
Qe1 {(00:07)} Bxc4 {(00:12)} 34. Rxd8 {(00:19)} Bxf1 {
(00:16)} 35. Rd1 {(00:42)} Bb5 {(00:06)} 36. Qd2 {(
00:13)} Bc6 {(00:11)} 37. Qc1 {(00:41)} Qxa5 {(00:16)} 38.
Qc2 {(00:28)} Qc3 {(00:12)} 39. Qe2 {(01:00)} Qxb3 {
(00:07)} 40. e4 {(00:00)} Bxe4 {(00:00)} 0-1

[Event "42nd Olympiad Baku 2016 Women"]
[Site "Baku"]
[Date "2016.09.05"]
[Round "4.4"]
[White "Umudova, Nargiz"]
[Black "Santeramo, Alessia"]
[Result "1-0"]
[ECO "C64"]
[WhiteElo "2247"]
[BlackElo "2001"]
[Annotator ""]
[PlyCount "45"]
[EventDate "2016.??.??"]
[EventCountry "AZE"]
[SourceTitle "playchess.com"]
[Source "ChessBase"]
[WhiteTeam "Azerbaijan"]
[BlackTeam "Italy"]
[WhiteTeamCountry "AZE"]
[BlackTeamCountry "ITA"]
[TimeControl "40/5400+30:1800+30"]

1. e4 {(00:00)} e5 {(00:00)} 2. Nf3 {(00:00)} Nc6 {
(00:00)} 3. Bb5 {(00:00)} Bc5 {(00:00)} 4. O-O {(
02:23)} Nd4 {(00:11)} 5. Be2 {(11:57)} Nxe2+ {(10:48)} 6.
Qxe2 {(00:05)} Qe7 {(07:15)} 7. c3 {(02:06)} d6 {(
09:40)} 8. d4 {(10:20)} exd4 {(00:27)} 9. cxd4 {(00:26)}
Bb6 {(00:10)} 10. Nc3 {(01:10)} c6 {(00:58)} 11. Bg5 {
(02:42)} f6 {(04:29)} 12. Bf4 {(09:15)} Bg4 {(03:
00)} 13. d5 {(06:49)} g5 {(23:58)} 14. Bg3 {(01:42)} f5 {
(01:43)} 15. dxc6 {(05:29)} f4 {(09:00)} 16. Qb5 {(
04:26)} O-O-O {(02:59)} 17. Nd5 {(03:40)} Qe8 {(09:53)}
18. Rac1 {(10:02)} Bxf3 {(04:26)} 19. Nxb6+ {(04:09)} axb6
{(00:53)} 20. Qxb6 {(00:23)} Qe7 {(03:37)} 21. Qa7 {
(01:53)} b5 {(02:23)} 22. Qa8+ {(00:14)} Kc7 {(00:
05)} 23. Qb7# {(00:04)} 1-0